TOP OF THE 1ST |
Toledo Mud Hens batting - Pitching for Salt Lake Bees : RHP Dave Thomas
|
Pitching: RHP Dave Thomas
|
|
Batting: RHB J.J. Basil
|
0-0: Swinging Strike 0-1: Ball 1-1: Ground out 5-3 (Groundball, 5L, EV 83.8 MPH)
|
Batting: RHB Aaron Cusick
|
0-0: SINGLE (Line Drive, 78S, EV 86.9 MPH)
|
Batting: LHB Bill Ford
|
0-0: Ball 1-0: SINGLE (Groundball, 6S, EV 99.4 MPH) Aaron Cusick to second
|
Batting: LHB Jon Frederick
|
0-0: Ball 1-0: Ball Passed Ball! Aaron Cusick to third Bill Ford to second 2-0: Called Strike 2-1: Ground out 4-3 (Groundball, 4, EV 108.8 MPH) Aaron Cusick scores Bill Ford to third
|
Batting: RHB Joel Miller
|
0-0: Called Strike 0-1: Ball 1-1: Ball 2-1: Fly out, F5 (Popup, 5F, EV 84.4 MPH)
|
Top of the 1st over - 1 run, 2 hits, 0 errors, 1 left on base; Toledo 1 - Salt Lake 0 |
BOTTOM OF THE 1ST |
Salt Lake Bees batting - Pitching for Toledo Mud Hens : RHP Ruben Arana
|
Pitching: RHP Ruben Arana
|
|
Batting: RHB Kian-tat Chen
|
0-0: Ball 1-0: Ball 2-0: Foul Ball, location: 2F 2-1: Ball 3-1: Foul Ball, location: 2F 3-2: Ground out 1-3 (Groundball, 25, EV 73.1 MPH)
|
Batting: RHB Melvin Gomez
|
0-0: Ball 1-0: Ball 2-0: Ground out U3 (Groundball, 3S, EV 78.1 MPH)
|
Batting: LHB Micah Miller
|
0-0: Swinging Strike 0-1: Foul Ball, location: 2F 0-2: Foul Ball, location: 2F 0-2: Ball 1-2: SINGLE (Line Drive, 8RS, EV 101.9 MPH)
|
Batting: LHB Brett Bugge
|
0-0: Ball Micah Miller steals 2nd base 1-0: Foul Ball, location: 2F 1-1: Ball 2-1: Called Strike 2-2: Foul Ball, location: 2F 2-2: Ball 3-2: SINGLE (Groundball, 34D, EV 98.1 MPH) Micah Miller to third Runner from 3rd tries for Home, SAFE, throw by RF to home
|
Batting: RHB Ryan Munro
|
0-0: Ball 1-0: Called Strike 1-1: Fielders Choice at 2nd, U6 (Groundball, 6M, EV 108.1 MPH)
|
Bottom of the 1st over - 1 run, 2 hits, 0 errors, 1 left on base; Toledo 1 - Salt Lake 1 |
TOP OF THE 2ND |
Toledo Mud Hens batting - Pitching for Salt Lake Bees : RHP Dave Thomas
|
Batting: RHB Jamie Villagrana
|
0-0: Called Strike 0-1: Ball 1-1: Called Strike 1-2: Strikes out looking
|
Batting: RHB Keith Hoffman
|
0-0: Foul Ball, location: 2F 0-1: Ball 1-1: Ball 2-1: Ball 3-1: Swinging Strike 3-2: Strikes out swinging
|
Batting: SHB Scott Bartholomew
|
0-0: Swinging Strike 0-1: Called Strike 0-2: Strikes out swinging
|
Top of the 2nd over - 0 runs, 0 hits, 0 errors, 0 left on base; Toledo 1 - Salt Lake 1 |
BOTTOM OF THE 2ND |
Salt Lake Bees batting - Pitching for Toledo Mud Hens : RHP Ruben Arana
|
Batting: RHB Jeff Long
|
0-0: Foul Ball, location: 2F 0-1: Fly out, F9 (Flyball, 89M, EV 80.0 MPH)
|
Batting: SHB Butch Brown
|
0-0: SINGLE (Groundball, 6M, EV 108.8 MPH) (infield hit)
|
Batting: RHB Brandon Davis
|
0-0: Ball 1-0: Called Strike 1-1: Ball 2-1: Ball 3-1: SINGLE (Groundball, 6MD, EV 101.9 MPH) Butch Brown to second Runner from 2nd tries for 3rd, SAFE, throw by CF made to third Brandon Davis to second
|
Batting: RHB Kinya Nishimura
|
0-0: Ball 1-0: SINGLE (Groundball, 56D, EV 110.0 MPH) Butch Brown scores Brandon Davis to third Throwing error, E7 Brandon Davis scores Kinya Nishimura to second
|
Batting: RHB Kian-tat Chen
|
0-0: Called Strike 0-1: Ball 1-1: Fly out, F2 (Popup, 23F, EV 81.2 MPH)
|
Batting: RHB Melvin Gomez
|
0-0: Ball 1-0: Foul Ball, location: 2F 1-1: Ball 2-1: Ground out 6-3 (Groundball, 56, EV 78.1 MPH)
|
Bottom of the 2nd over - 2 runs, 3 hits, 1 error, 1 left on base; Toledo 1 - Salt Lake 3 |
TOP OF THE 3RD |
Toledo Mud Hens batting - Pitching for Salt Lake Bees : RHP Dave Thomas
|
Batting: SHB Chris Wagler
|
0-0: Ball 1-0: Fly out, F6 (Popup, P, EV 83.1 MPH)
|
Batting: RHB J.J. Basil
|
0-0: Ball 1-0: Swinging Strike 1-1: Called Strike 1-2: Reached on error, E5 (Groundball, 56, EV 80.6 MPH)
|
Batting: RHB Aaron Cusick
|
0-0: Called Strike 0-1: Ball 1-1: Ball 2-1: Foul Ball, location: 2F 2-2: Foul Ball, location: 2F 2-2: Strikes out swinging
|
Batting: LHB Bill Ford
|
0-0: Ball 1-0: Called Strike 1-1: Fly out, F8 (Flyball, 78M, EV 83.8 MPH)
|
Top of the 3rd over - 0 runs, 0 hits, 1 error, 1 left on base; Toledo 1 - Salt Lake 3 |
BOTTOM OF THE 3RD |
Salt Lake Bees batting - Pitching for Toledo Mud Hens : RHP Ruben Arana
|
Batting: LHB Micah Miller
|
0-0: Called Strike 0-1: Ball 1-1: Ball 2-1: Ball 3-1: Swinging Strike 3-2: Strikes out swinging
|
Batting: LHB Brett Bugge
|
0-0: Foul Ball, location: 2F 0-1: Ball 1-1: SINGLE (Groundball, 6S, EV 70.0 MPH) (infield hit)
|
Batting: RHB Ryan Munro
|
0-0: Ball 1-0: Ball 2-0: Fly out, F9 (Flyball, 9S, EV 86.2 MPH)
|
Batting: RHB Jeff Long
|
0-0: Called Strike 0-1: Ball 1-1: Ball 2-1: Ground out 6-3 (Groundball, 6S, EV 83.1 MPH)
|
Bottom of the 3rd over - 0 runs, 1 hit, 0 errors, 1 left on base; Toledo 1 - Salt Lake 3 |
TOP OF THE 4TH |
Toledo Mud Hens batting - Pitching for Salt Lake Bees : RHP Dave Thomas
|
Batting: LHB Jon Frederick
|
0-0: Called Strike 0-1: Ball 1-1: Foul Ball, location: 2F 1-2: Ball 2-2: Strikes out swinging
|
Batting: RHB Joel Miller
|
0-0: Called Strike 0-1: Ball 1-1: Foul Ball, location: 2F 1-2: Ball 2-2: Strikes out looking
|
Batting: RHB Jamie Villagrana
|
0-0: Ball 1-0: SINGLE (Groundball, 6, EV 95.0 MPH)
|
Batting: RHB Keith Hoffman
|
0-0: Foul Ball, location: 2F 0-1: SINGLE (Groundball, P, EV 82.5 MPH) (infield hit) Jamie Villagrana to second
|
Batting: SHB Scott Bartholomew
|
0-0: Foul Ball, location: 2F 0-1: Swinging Strike 0-2: Ball 1-2: Strikes out swinging
|
Top of the 4th over - 0 runs, 2 hits, 0 errors, 2 left on base; Toledo 1 - Salt Lake 3 |
BOTTOM OF THE 4TH |
Salt Lake Bees batting - Pitching for Toledo Mud Hens : RHP Ruben Arana
|
Batting: SHB Butch Brown
|
0-0: Ball 1-0: Called Strike 1-1: Foul Ball, location: 2F 1-2: Foul Ball, location: 2F 1-2: Ball 2-2: Foul Ball, location: 2F 2-2: Ground out 6-3 (Groundball, 6M, EV 96.2 MPH)
|
Batting: RHB Brandon Davis
|
0-0: Ball 1-0: Called Strike 1-1: Ground out 6-3 (Groundball, 56D, EV 85.6 MPH)
|
Batting: RHB Kinya Nishimura
|
0-0: Swinging Strike 0-1: Ball 1-1: Swinging Strike 1-2: Foul Ball, location: 2F 1-2: Foul Ball, location: 2F 1-2: Strikes out looking
|
Bottom of the 4th over - 0 runs, 0 hits, 0 errors, 0 left on base; Toledo 1 - Salt Lake 3 |
TOP OF THE 5TH |
Toledo Mud Hens batting - Pitching for Salt Lake Bees : RHP Dave Thomas
|
Batting: SHB Chris Wagler
|
0-0: Foul Ball, location: 2F 0-1: Foul Ball, location: 2F 0-2: Ball 1-2: Foul Ball, location: 2F 1-2: Ball 2-2: Strikes out swinging
|
Batting: RHB J.J. Basil
|
0-0: Called Strike 0-1: Swinging Strike 0-2: Foul Ball, location: 2F 0-2: Ball 1-2: Foul Ball, location: 2F 1-2: Strikes out swinging
|
Batting: RHB Aaron Cusick
|
0-0: Fly out, F7 (Flyball, 78S, EV 85.6 MPH)
|
Top of the 5th over - 0 runs, 0 hits, 0 errors, 0 left on base; Toledo 1 - Salt Lake 3 |
BOTTOM OF THE 5TH |
Salt Lake Bees batting - Pitching for Toledo Mud Hens : RHP Ruben Arana
|
Batting: RHB Kian-tat Chen
|
0-0: Ground out 5-3 (Groundball, 5, EV 85.0 MPH)
|
Batting: RHB Melvin Gomez
|
0-0: Ball 1-0: Ball 2-0: Ball 3-0: Foul Ball, location: 2F 3-1: Base on Balls
|
Batting: LHB Micah Miller
|
0-0: Ball Melvin Gomez is caught stealing 2nd base 2-6 1-0: Ball 2-0: Ball 3-0: Called Strike 3-1: Base on Balls
|
Batting: LHB Brett Bugge
|
0-0: Called Strike 0-1: Ball 1-1: Ball Wild Pitch! Micah Miller to second 2-1: Foul Ball, location: 2F 2-2: Foul Ball, location: 2F 2-2: Foul Ball, location: 2F 2-2: DOUBLE (Flyball, 89D, EV 102.5 MPH) Micah Miller scores
|
Batting: RHB Ryan Munro
|
0-0: Called Strike 0-1: Ball 1-1: Foul Ball, location: 2F 1-2: Ball 2-2: Foul Ball, location: 2F 2-2: Foul Ball, location: 2F 2-2: Fly out, F8 (Flyball, 8RM, EV 85.0 MPH)
|
Bottom of the 5th over - 1 run, 1 hit, 0 errors, 1 left on base; Toledo 1 - Salt Lake 4 |
TOP OF THE 6TH |
Toledo Mud Hens batting - Pitching for Salt Lake Bees : RHP Dave Thomas
|
Batting: LHB Bill Ford
|
0-0: Ground out 1-3 (Groundball, 13S, EV 66.2 MPH)
|
Batting: LHB Jon Frederick
|
0-0: Called Strike 0-1: Foul Ball, location: 2F 0-2: Foul Ball, location: 2F 0-2: Ground out U3 (Groundball, 3L, EV 84.4 MPH)
|
Batting: RHB Joel Miller
|
0-0: Called Strike 0-1: Swinging Strike 0-2: Strikes out swinging
|
Top of the 6th over - 0 runs, 0 hits, 0 errors, 0 left on base; Toledo 1 - Salt Lake 4 |
BOTTOM OF THE 6TH |
Salt Lake Bees batting - Pitching for Toledo Mud Hens : RHP Ruben Arana
|
Batting: RHB Jeff Long
|
0-0: Ball 1-0: Swinging Strike 1-1: Ground out 6-3 (Groundball, 6, EV 76.9 MPH)
|
Batting: SHB Butch Brown
|
0-0: Called Strike 0-1: Ground out 4-3 (Groundball, 4, EV 79.4 MPH)
|
Batting: RHB Brandon Davis
|
0-0: SINGLE (Flyball, 9S, EV 90.6 MPH)
|
Pitching: RHP Roberto Benavides
|
|
Batting: RHB Kinya Nishimura
|
0-0: Called Strike 0-1: Ball 1-1: Ball 2-1: SINGLE (Groundball, 6S, EV 70.6 MPH) (infield hit) Brandon Davis to second
|
Batting: RHB Kian-tat Chen
|
0-0: Ball 1-0: Ball 2-0: Swinging Strike 2-1: Ground out 5-3 (Groundball, 56S, EV 90.6 MPH)
|
Bottom of the 6th over - 0 runs, 2 hits, 0 errors, 2 left on base; Toledo 1 - Salt Lake 4 |
TOP OF THE 7TH |
Toledo Mud Hens batting - Pitching for Salt Lake Bees : RHP Dave Thomas
|
Batting: RHB Jamie Villagrana
|
0-0: Called Strike 0-1: Ball 1-1: Ball 2-1: Foul Ball, location: 2F 2-2: Foul Ball, location: 2F 2-2: Ball 3-2: Foul Ball, location: 2F 3-2: Base on Balls
|
Pitching: LHP Nick Yarbrough
|
|
Batting: RHB Keith Hoffman
|
0-0: Bunt missed! 0-1: Ball 1-1: Bunted foul 1-2: 2-RUN HOME RUN (Flyball, 7D, EV 104.4 MPH), Distance : 396 ft
|
Batting: SHB Scott Bartholomew
|
0-0: Ground out 5-3 (Groundball, 56S, EV 88.1 MPH)
|
Batting: SHB Chris Wagler
|
0-0: Ground out 1-3 (Groundball, P, EV 65.0 MPH)
|
Pitching: RHP Shane Woods
|
|
Batting: RHB J.J. Basil
|
0-0: Foul Ball, location: 2F 0-1: Swinging Strike 0-2: Ball 1-2: Ball 2-2: Ball 3-2: Strikes out swinging
|
Top of the 7th over - 2 runs, 1 hit, 0 errors, 0 left on base; Toledo 3 - Salt Lake 4 |
BOTTOM OF THE 7TH |
Salt Lake Bees batting - Pitching for Toledo Mud Hens : RHP Roberto Benavides
|
Batting: RHB Melvin Gomez
|
0-0: Foul Ball, location: 2F 0-1: Ball 1-1: Ball 2-1: Swinging Strike 2-2: Ground out U3 (Groundball, 34, EV 103.1 MPH)
|
Batting: LHB Micah Miller
|
0-0: Ground out 6-3 (Groundball, 4, EV 94.4 MPH)
|
Batting: LHB Brett Bugge
|
0-0: Swinging Strike 0-1: Called Strike 0-2: Strikes out swinging
|
Bottom of the 7th over - 0 runs, 0 hits, 0 errors, 0 left on base; Toledo 3 - Salt Lake 4 |
TOP OF THE 8TH |
Toledo Mud Hens batting - Pitching for Salt Lake Bees : RHP Shane Woods
|
Batting: RHB Aaron Cusick
|
0-0: Foul Ball, location: 2F 0-1: Ball 1-1: Ball 2-1: Called Strike 2-2: Ball 3-2: Foul Ball, location: 2F 3-2: Foul Ball, location: 2F 3-2: Foul Ball, location: 2F 3-2: Base on Balls
|
Batting: LHB Bill Ford
|
0-0: Called Strike 0-1: Swinging Strike 0-2: Ball 1-2: Foul Ball, location: 2F 1-2: Strikes out swinging
|
Batting: LHB Jon Frederick
|
0-0: SINGLE (Groundball, 4MS, EV 70.0 MPH) (infield hit) Aaron Cusick to second
|
Batting: RHB Joel Miller
|
0-0: Ball 1-0: SINGLE (Groundball, 6D, EV 95.0 MPH) Aaron Cusick to third Jon Frederick to second Runner from 3rd tries for Home, SAFE, throw by CF to home
|
Batting: RHB Jamie Villagrana
|
0-0: Called Strike 0-1: Ball 1-1: Ball 2-1: Foul Ball, location: 2F 2-2: Ball 3-2: Foul Ball, location: 2F 3-2: Base on Balls Jon Frederick to third Joel Miller to second
|
Batting: RHB Keith Hoffman
|
0-0: Called Strike 0-1: SINGLE (Line Drive, 89S, EV 95.6 MPH) Jon Frederick scores Joel Miller to third Jamie Villagrana to second
|
Batting: SHB Scott Bartholomew
|
0-0: Called Strike 0-1: DOUBLE (Line Drive, 89D, EV 103.1 MPH) Joel Miller scores Jamie Villagrana scores Keith Hoffman to third
|
Pitching: RHP Eric Cunningham
|
|
Batting: SHB Chris Wagler
|
0-0: SINGLE (Groundball, 4M, EV 93.8 MPH) Keith Hoffman scores Scott Bartholomew to third
|
Batting: RHB J.J. Basil
|
0-0: Called Strike 0-1: Ball 1-1: Called Strike 1-2: Ball 2-2: SINGLE (Groundball, 6MD, EV 108.1 MPH) Scott Bartholomew scores Chris Wagler to second
|
Batting: RHB Aaron Cusick
|
0-0: Reached via error on a dropped throw from 3B, E4 (Groundball, 56S, EV 88.1 MPH) Chris Wagler to third J.J. Basil to second
|
Batting: LHB Bill Ford
|
0-0: DOUBLE (Line Drive, 9LM, EV 112.5 MPH) Chris Wagler scores J.J. Basil scores Aaron Cusick to third
|
Batting: LHB Jon Frederick
|
0-0: SINGLE (Groundball, 4D, EV 96.9 MPH) Aaron Cusick scores Bill Ford to third Runner from 3rd tries for Home, SAFE, throw by CF to home
|
Pitching: RHP Joe Beam
|
|
Batting: RHB Joel Miller
|
0-0: Ball Wild Pitch! Jon Frederick to second 1-0: Ball 2-0: Fly out, F4 (Line Drive, 4, EV 75.0 MPH)
|
Batting: RHB Jamie Villagrana
|
0-0: Ball 1-0: Fly out, F9 (Flyball, 9D, EV 100.6 MPH)
|
Top of the 8th over - 10 runs, 8 hits, 1 error, 1 left on base; Toledo 13 - Salt Lake 4 |
BOTTOM OF THE 8TH |
Salt Lake Bees batting - Pitching for Toledo Mud Hens : RHP Roberto Benavides
|
Batting: RHB Ryan Munro
|
0-0: Ball 1-0: Called Strike 1-1: Foul Ball, location: 2F 1-2: Ball 2-2: Ball 3-2: Foul Ball, location: 2F 3-2: SOLO HOME RUN (Flyball, 7D, EV 98.1 MPH), Distance : 374 ft
|
Batting: RHB Jeff Long
|
0-0: Called Strike 0-1: Ground out 1-3 (Groundball, 15S, EV 70.0 MPH)
|
Batting: SHB Butch Brown
|
0-0: Called Strike 0-1: Swinging Strike 0-2: Ball 1-2: Ball 2-2: Fly out, F8 (Flyball, 89M, EV 93.1 MPH)
|
Batting: RHB Brandon Davis
|
0-0: Swinging Strike 0-1: Ball 1-1: Ball 2-1: Ball 3-1: Base on Balls
|
Batting: RHB Kinya Nishimura
|
0-0: Ball 1-0: Ball 2-0: Swinging Strike 2-1: Swinging Strike 2-2: Ball 3-2: Base on Balls Brandon Davis to second
|
Batting: RHB Kian-tat Chen
|
0-0: Swinging Strike 0-1: Ball 1-1: Foul Ball, location: 2F 1-2: Ball 2-2: Fly out, F8 (Flyball, 78M, EV 96.2 MPH)
|
Bottom of the 8th over - 1 run, 1 hit, 0 errors, 2 left on base; Toledo 13 - Salt Lake 5 |
TOP OF THE 9TH |
Toledo Mud Hens batting - Pitching for Salt Lake Bees : RHP Joe Beam
|
Batting: RHB Keith Hoffman
|
0-0: Foul Ball, location: 2F 0-1: Foul Ball, location: 2F 0-2: Ball 1-2: Foul Ball, location: 2F 1-2: Ball 2-2: Ground out 3-1 (Groundball, 34S, EV 83.8 MPH)
|
Batting: SHB Scott Bartholomew
|
0-0: Called Strike 0-1: SINGLE (Groundball, 56D, EV 100.0 MPH)
|
Batting: SHB Chris Wagler
|
0-0: Ball 1-0: Foul Ball, location: 2F 1-1: Ball 2-1: Swinging Strike 2-2: Ball 3-2: Base on Balls Scott Bartholomew to second
|
Batting: RHB J.J. Basil
|
0-0: Fly out, F7 (Flyball, 78M, EV 91.2 MPH)
|
Batting: RHB Aaron Cusick
|
0-0: Ball 1-0: Ball 2-0: Foul Ball, location: 2F 2-1: Ball 3-1: Fly out, F8 (Flyball, 89M, EV 71.2 MPH)
|
Top of the 9th over - 0 runs, 1 hit, 0 errors, 2 left on base; Toledo 13 - Salt Lake 5 |
BOTTOM OF THE 9TH |
Salt Lake Bees batting - Pitching for Toledo Mud Hens : RHP Roberto Benavides
|
Batting: RHB Melvin Gomez
|
0-0: Foul Ball, location: 2F 0-1: Ball 1-1: Ball 2-1: Called Strike 2-2: Fly out, F9 (Flyball, 9, EV 83.8 MPH)
|
Batting: LHB Micah Miller
|
0-0: Ball 1-0: Ball 2-0: Ball 3-0: Base on Balls
|
Pitching: RHP Jason Mucci
|
|
Batting: LHB Brett Bugge
|
0-0: Ball 1-0: Called Strike 1-1: Ball 2-1: Foul Ball, location: 2F 2-2: Ball 3-2: Base on Balls Micah Miller to second
|
Batting: RHB Ryan Munro
|
0-0: Called Strike 0-1: Ball 1-1: Swinging Strike 1-2: Strikes out swinging
|
Batting: RHB Jeff Long
|
0-0: Ball 1-0: Called Strike 1-1: Swinging Strike 1-2: Fielders Choice at 2nd, 5-4 (Groundball, 5, EV 96.2 MPH)
|
Bottom of the 9th over - 0 runs, 0 hits, 0 errors, 2 left on base; Toledo 13 - Salt Lake 5 |
|